 Dungeon Crawl Stone Soup version 0.16.1-4-g8e1b745 (console) character file.

187 gw the Ducker (level 5, 0/30 HPs)
             Began as a Deep Elf Artificer on Mar 28, 2015.
             Slain by an iguana (1 damage)
             ... on level 4 of the Dungeon.
             The game lasted 00:02:05 (2072 turns).

gw the Ducker (Deep Elf Artificer)                  Turns: 2072, Time: 00:02:05

Health: 0/30       AC:  6    Str:  8    XL:     5   Next: 39%
Magic:  0/12       EV: 13    Int: 17    God:
Gold:   57         SH:  0    Dex: 16    Spells: 0 memorised, 4 levels left

rFire  . . .     SeeInvis .     a - +0 rapier
rCold  . . .     Clarity  .     e - +0 leather armour
rNeg   . . .     SustAb   .     (no shield)
rPois  .         Gourm    .     (no helmet)
rElec  .         Spirit   +     (no cloak)
rCorr  .         Warding  .     k - +2 pair of gloves
rMut   .         Stasis   .     (no boots)
MR     .....                    g - amulet of guardian spirit
Stlth  ++........               (no ring)
                                (no ring)

@: not resistant to hostile enchantments, unstealthy
A: no striking features
a: no special abilities


You were on level 4 of the Dungeon.
You were not hungry.

You visited 1 branch of the dungeon, and saw 5 of its levels.

You collected 57 gold pieces.

Inventory:

Hand weapons
 a - a +0 rapier (weapon)
Armour
 e - a +0 leather armour (worn)
 k - a +2 pair of gloves (worn)
Jewellery
 g - an amulet of guardian spirit (around neck)
Magical devices
 b - a wand of flame (9)
 c - a wand of enslavement (9)
 d - a wand of random effects (6)
Scrolls
 h - a scroll of remove curse {unknown}
 i - a scroll of fear {unknown}
 j - a scroll of teleportation {unknown}
Comestibles
 f - a bread ration
 l - a meat ration


   Skills:
 + Level 2.2 Fighting
 * Level 3.8 Short Blades
 + Level 3.9 Dodging
 - Level 1.2 Stealth
 - Level 3.2 Evocations


You had 4 spell levels left.
You didn't know any spells.

Dungeon Overview and Level Annotations

Branches:
Dungeon (5/15)
 Temple: D:4-7

Altars:

Shops:
D:4 *

Annotations:
D:4 exclusion: downstairs


Message History

You hit something. Something bites you.
Unknown command.
Unknown command.
Unknown command.
Evoke which item? (* to show all) (? for menu, Esc to quit)
You don't have any such object.
Evoke which item? (* to show all) (? for menu, Esc to quit)
Zapping:
c - a wand of enslavement (10)
Press: ? - help, Shift-Dir - straight line, f - iguana
Aim: an iguana (chance 62%) Nothing appears to happen.
This wand has 9 charges left.
Something completely misses you.
MOVING TO (0,-1)
You hit something but do no damage. Something bites you but does no damage.
Unknown command.
Unknown command.
Unknown command.
MOVING TO (0,-8)
You closely miss something. Something bites you. The iguana bites you.
You die...

##..##...........#
..............##)#
#..####......##.#
. ####...##g#
##.###.# #.# #.#
#.# #.# #.# #.#
###.###e#######
.......l.......#
###.#########.#


You could see an iguana and a goblin.

Table legend:
 A = Turns spent in this place as a percentage of turns spent in the entire game.
 B = Non-inter-level travel turns spent in this place as a percentage of non-inter-level travel turns spent in the entire game.
 C = Inter-level travel turns spent in this place as a percentage of turns spent in this place.
 D = Turns resting spent in this place as a percentage of non-inter-level travel turns spent in this place.
 E = Turns spent auto-exploring this place as a percentage of non-inter-level travel turns spent in this place.
 F = Non-inter-level travel turns spent in this place divided by the number of levels of this place that you've seen.
                   A       B       C       D       E      F
               +-------+-------+-------+-------+-------+----------------------
         Total | 100.0 | 100.0 |   2.1 |   3.2 |   1.6 | 512.0
       Dungeon | 100.0 | 100.0 |   2.1 |   3.2 |   1.6 | 512.0
               +-------+-------+-------+-------+-------+----------------------

Table legend:
 A = Kills in this place as a percentage of kills in entire the game.
 B = Kills by you in this place as a percentage of kills by you in the entire game.
 C = Kills by friends in this place as a percentage of kills by friends in the entire game.
 D = Other kills in this place as a percentage of other kills in the entire game.
 E = Experience gained in this place as a percentage of experience gained in the entire game.
 F = Experience gained in this place divided by the number of levels of this place that you have seen.
                   A       B       C       D       E      F
               +-------+-------+-------+-------+-------+----------------------
         Total | 100.0 | 100.0 |  -nan |  -nan | 100.0 |  53.6
       Dungeon | 100.0 | 100.0 |  -nan |  -nan | 100.0 |  53.6
               +-------+-------+-------+-------+-------+----------------------

Vanquished Creatures
  A centaur (D:5)
  An ogre (D:4)
  A hound (D:4)
  An orc priest (D:4)
  Jessica (D:2)
  3 orcs (D:4)
  A giant cockroach (D:2)
  6 hobgoblins
  3 jackals (D:2)
  3 bats
  A giant newt (D:1)
  4 goblins
  3 kobolds
  3 rats
32 creatures vanquished.

Notes
Turn   | Place    | Note
--------------------------------------------------------------
     0 | D:1      | gw, the Deep Elf Artificer, began the quest for the Orb.
     0 | D:1      | Reached XP level 1. HP: 11/11 MP: 2/2
     6 | D:1      | Noticed a crocodile
     6 | D:1      | Noticed a swamp drake
     6 | D:1      | Noticed an anaconda
     6 | D:1      | Noticed a hog
    88 | D:1      | Reached skill level 1 in Fighting
   441 | D:1      | Reached XP level 2. HP: 6/16 MP: 2/5
  1225 | D:2      | Noticed Jessica
  1227 | D:2      | Killed Jessica
  1227 | D:2      | Reached XP level 3. HP: 15/20 MP: 7/7
  1560 | D:4      | Reached XP level 4. HP: 4/26 MP: 4/10
  1859 | D:4      | Found Pufo Fec's General Store.
  2002 | D:5      | Entered Level 5 of the Dungeon
  2002 | D:5      | Noticed a centaur
  2002 | D:5      | Noticed an ogre
  2009 | D:5      | Killed a centaur
  2009 | D:5      | Reached XP level 5. HP: 20/30 MP: 8/12
  2047 | D:4      | Killed an ogre
  2072 | D:4      | HP: 1/30 [something (1)]
  2072 | D:4      | Slain by an iguana

Action                   |  1- 3 |  4- 6 || total
-------------------------+-------+-------++-------
Melee: Short sword       |   121 |       ||   121
       Rapier            |     7 |    26 ||    33
Evoke: Wand              |    12 |     9 ||    21
  Eat: Chunk             |     2 |     2 ||     4

Vault maps used:
D:1:      onia_arrival_zoo_common
D:2:      uniq_jessica
D:3:      serial_bayou, serial_bayou_pond_a, serial_bayou_shore_b,
          serial_bayou_pond_a, serial_bayou_pond_a
D:4:      serial_shops, nicolae_shop_crystal
D:5:      xom_confusion_cloud, first_bread
